 Dungeon Crawl Stone Soup version 0.25-a0-786-g5b70d41e48 (webtiles) character file.

Game seed: 14015536708317228223, levelgen mode: deterministic

168 Astera the Poker (level 5, 0/41 HPs)
             Began as a Merfolk Gladiator on Apr 17, 2020.
             Was a Believer of Ru.
             Slain by Grinder (3 damage)
             ... while paralysed by Grinder
             ... on level 3 of the Dungeon on Apr 18, 2020.
             The game lasted 00:10:29 (2993 turns).

Astera the Poker (Merfolk Gladiator)                Turns: 2993, Time: 00:10:29

Health: 0/41       AC:  5    Str: 15    XL:     5   Next: 48%
Magic:  5/5        EV:  2    Int:  8    God:    Ru [**....]
Gold:   171        SH:  0    Dex: 15    Spells: 4/4 levels left

rFire    . . .     SeeInvis .   a - +0 trident
rCold    + + .     Gourm    .   (no shield)
rNeg     . . .     Faith    .   b - +0 leather armour
rPois    .         Spirit   .   c - +0 helmet
rElec    .         Reflect  .   r - scarf {rC+ rF+}
rCorr    .         Harm     .   o - +0 pair of gloves
MR       .....                  (no boots)
Stlth    +.........             (no amulet)
HPRegen  0.13/turn              q - ring of ice
MPRegen  0.09/turn              (no ring)

@: paralysed
A: change form in water, swift swim, stealthy swim, inability to use devices
a: Renounce Religion


You were on level 3 of the Dungeon.
You worshipped Ru.
Ru was pleased with you.
You were not hungry.

You visited 1 branch of the dungeon, and saw 3 of its levels.

You collected 171 gold pieces.

Inventory:

Hand Weapons
 a - a +0 trident (weapon)
Missiles
 d - 2 throwing nets (quivered)
 j - 6 javelins
 n - 3 boomerangs
Armour
 b - a +0 leather armour (worn)
 c - a +0 helmet (worn)
 o - a +0 pair of gloves (worn)
 r - a scarf of resistance (worn)
Jewellery
 q - a ring of ice (left hand)
Scrolls
 h - 2 scrolls of identify {unknown}
 l - a scroll of enchant weapon {unknown}
 m - 7 scrolls of remove curse {unknown}
 t - a scroll of random uselessness {unknown}
Potions
 e - a potion of berserk rage {unknown}
 g - a potion of might {unknown}
 i - a potion of curing {unknown}
 k - 2 potions of invisibility {unknown}
 p - a potion of stabbing {unknown}
 s - a potion of brilliance {unknown}
Comestibles
 f - 8 rations


   Skills:
 + Level 3.6 Fighting
 + Level 5.7 Polearms
 + Level 3.1 Throwing
 + Level 5.2 Dodging


You had 4 spell levels left.
You didn't know any spells.
Your spell library contained the following spells:

 Spells                   Type           Power        Failure   Level  Hunger
 Magic Dart               Conj           #...         47%         1    ##.....
 Blink                    Tloc           N/A          63%         2    ###....
 Call Imp                 Summ           #.......     63%         2    ###....
 Slow                     Hex            #.......     63%         2    ###....
 Conjure Flame            Conj/Fire      #.......     85%         3    ####...
 Mephitic Cloud           Conj/Pois/Air  #.......     85%         3    ####...


Dungeon Overview and Level Annotations

Branches:
Dungeon (3/15)

Altars:
Ashenzari
Fedhas
Nemelex Xobeh
Ru

Annotations:
D:3 Grinder


Innate Abilities, Weirdness & Mutations

You revert to your normal form in water.
You are very nimble and swift while swimming.
You are very stealthy in the water. (Stealth+)
You cannot study or use magical devices.


Message History

You hit Grinder but do no damage.
Grinder is moderately wounded.
Grinder misses you.
You hit Grinder but do no damage.
Grinder is moderately wounded.
Grinder gestures at you.
You suddenly lose the ability to move!
Grinder hits you.
You writhe in agony.
Grinder gestures at you. Pain shoots through your body!
Grinder gestures at you. Pain shoots through your body!
Grinder says, "At least Makhleb appreciates what I'm doing."
You redirect Grinder's attack!
Grinder hits you.
You writhe in agony.
Grinder gestures at you. Pain shoots through your body!
* * * LOW HITPOINT WARNING * * *
Grinder hits you.
You die...

#.######..## #.#
#..# #.######..#
#....)....#
#########)# ######.#
#...##.##
############.#......
#.5@......##...##.##
#.###.###.###.##..(#
#.##).........#.....
#.###5###.##..##...#
#.###.# #####'######
#.##..# #.......#
#§..#....#.⌠...⌠.#
##†###.###......5###
#.## #..+...⌠.).'.#


You could see Grinder.

Vanquished Creatures
  An ogre (D:2)
  3 adders
  2 oozes
  A worm (D:2)
  A dart slug (D:2)
  5 leopard geckos (D:2)
  A ball python (D:2)
  A giant cockroach (D:2)
  10 goblins
  2 hobgoblins
  4 jackals (D:2)
  5 bats
  5 frilled lizards
  2 kobolds
  4 rats
47 creatures vanquished.

Notes
Turn   | Place    | Note
-------+----------+-------------------------------------------
     0 | D:1      | Astera the Merfolk Gladiator began the quest for the Orb.
     0 | D:1      | Reached XP level 1. HP: 16/16 MP: 1/1
   266 | D:1      | Reached XP level 2. HP: 21/23 MP: 2/2
   773 | D:2      | Reached XP level 3. HP: 28/28 MP: 3/3
   889 | D:2      | Found a sacrificial altar of Ru.
   899 | D:2      | Became a worshipper of Ru the Awakened
   921 | D:2      | Found a shattered altar of Ashenzari.
   938 | D:2      | Reached skill level 5 in Polearms
  1539 | D:2      | Reached XP level 4. HP: 15/35 MP: 4/4
  1783 | D:2      | Noticed an ogre
  1924 | D:2      | Killed an ogre
  1924 | D:2      | Reached skill level 5 in Dodging
  1924 | D:2      | Reached XP level 5. HP: 41/41 MP: 5/5
  2554 | D:3      | Upgraded the game from 0.25-a0-785-gb22c70e859 to
                  | 0.25-a0-786-g5b70d41e48
  2633 | D:3      | Found a sparkling altar of Nemelex Xobeh.
  2739 | D:3      | Gained mutation: You cannot study or use magical devices.
                  | [Ru sacrifice]
  2739 | D:3      | Reached * piety under Ru
  2739 | D:3      | Reached ** piety under Ru
  2876 | D:3      | Found a blossoming altar of Fedhas.
  2910 | D:3      | Noticed Grinder
  2929 | D:3      | Paralysed by Grinder for 5 turns
  2967 | D:3      | Paralysed by Grinder for 2 turns
  2987 | D:3      | Paralysed by Grinder for 7 turns
  2993 | D:3      | Slain by Grinder

Levels and vault maps discovered:
D:1:      dpeg_arrival_ternary, layout_basic, st_stairs_4
D:2:      layout_basic, ashenzari_conservatory_becter, lemuel_crystal_altar,
          minmay_hexomino_u4
D:3:      layout_loops_corners, marbit_many_paths, moated_statue,
          minmay_fountain_box, tgw_fedhas, uniq_grinder

Skill      XL: |  1  2  3  4 |
---------------+-------------+-----
Polearms       | 5 |  5.7
Fighting       | 3 |  3.6
Throwing       | 3 |  3.1
Dodging        | 5 |  5.2

Action                   |  1- 3 |  4- 6 || total
-------------------------+-------+-------++-------
Melee: Trident           |    90 |    49 ||   139
Throw: Javelin           |     4 |     7 ||    11
       Throwing net      |       |     1 ||     1
Invok: Sacrifice Artific |       |     1 ||     1
 Stab: Sleeping          |     1 |     1 ||     2
  Eat: Chunk             |     1 |     2 ||     3
       Ration            |       |     1 ||     1
Armor: Leather armour    |    34 |     8 ||    42
Dodge: Dodged            |    97 |    34 ||   131

Table legend:
 A = Non-vault XP
 B = Vault XP
 C = Vault XP percentage of total XP
 D = Non-vault monster count
 E = Vault monster count
 F = Vault count percentage of total count
                 A         B        C        D         E       F
            +---------+---------+-------+---------+---------+-------
      Total |     116 |     124 |  51.7 |      42 |       5 |  10.6
            +---------+---------+-------+---------+---------+-------
        D:1 |      11 |       8 |  42.1 |       8 |       2 |  20.0
        D:2 |      80 |     115 |  59.0 |      24 |       2 |   7.7
        D:3 |      25 |       1 |   3.8 |      10 |       1 |   9.1
            +---------+---------+-------+---------+---------+-------
